 Dungeon Crawl Stone Soup version 0.26-a0-1147-g3780a7a11b (webtiles) character file.

Game seed: 4265173498413561820

1168 night the Chiller (level 8, -8/49 (52) HPs)
             Began as a Demonspawn Ice Elementalist on Dec 22, 2020.
             Mangled by an ogre
             ... wielding a +0 giant spiked club
              (19 damage)
             ... on level 4 of the Dungeon.
             The game lasted 00:10:22 (5082 turns).

night the Chiller (Demonspawn Ice Elementalist)     Turns: 5082, Time: 00:10:23

HP:   -8/49 (52)    AC: 12    Str:  9    XL:     8   Next: 17%
MP:   0/17          EV: 13    Int: 18    God:
Gold: 235           SH:  0    Dex: 14    Spells: 8/19 levels left

rFire    x . .     SeeInvis .   n - +0 dagger (elec)
rCold    + . .     Faith    .   (no shield)
rNeg     . . .     Spirit   +   y - +2 robe {Will+}
rPois    .         Reflect  .   (helmet restricted)
rElec    .         Harm     .   (no cloak)
rCorr    .         Rampage  .   (no gloves)
Will     +....                  (no boots)
Stlth    ++........             (no amulet)
HPRegen  0.16/turn              b - ring of ice
MPRegen  0.15/turn              (no ring)

@: icy armour, frozen ramparts, drained
A: horns 2, magic shield
a: no special abilities


You were on level 4 of the Dungeon.
You visited 1 branch of the dungeon, and saw 5 of its levels.

You collected 235 gold pieces.

Inventory:

Hand Weapons
 c - a +0 whip
 n - a +0 dagger of electrocution (weapon)
 u - a +2 dagger of chaos
Missiles
 d - 130 stones
 e - 38 bolts
 i - 90 arrows
 j - 9 boomerangs of dispersal
 m - 6 javelins
 t - 5 atropa-tipped darts
 B - 3 silver javelins
 C - 3 boomerangs
Armour
 a - a +2 leather armour of positive energy
 y - a +2 robe of willpower (worn)
Jewellery
 b - a ring of ice (left hand)
 g - an uncursed ring of fire
Wands
 s - a wand of digging (3)
 z - a wand of acid (7)
Scrolls
 h - 7 scrolls of identify
 l - a scroll of remove curse
 r - 2 scrolls of teleportation {unknown}
 v - a scroll of fear {unknown}
 x - 2 scrolls of immolation {unknown}
 A - a scroll of fog {unknown}
 E - a scroll of enchant armour {unknown}
Potions
 f - 2 potions of haste {unknown}
 k - 2 potions of attraction
 o - 2 potions of degeneration {unknown}
 p - 3 potions of invisibility {unknown}
 w - 2 potions of lignification {unknown}
 D - a potion of curing {unknown}


   Skills:
 - Level 2.6 Dodging
 - Level 2.7 Stealth
 + Level 6.2 Spellcasting
 + Level 7.0 Ice Magic


You had 8 spell levels left.
You knew the following spells:

 Your Spells              Type           Power        Failure   Level
a - Freeze                Ice            100%         1%          1
b - Frozen Ramparts       Ice            92%          1%          3
c - Ozocubu's Armour      Ice            46%          1%          3
d - Summon Ice Beast      Ice/Summ       27%          28%         4

Your spell library contained the following spells:

 Spells                   Type           Power        Failure   Level
 Hailstorm                Conj/Ice       27%          28%         4


Dungeon Overview and Level Annotations

Branches:
Dungeon (5/15)
 Temple: D:4-7

Altars:
Ashenzari
Cheibriados
Wu Jian
Xom


Innate Abilities, Weirdness & Mutations

You have a pair of horns on your head.
When hurt, damage is shared between your health and your magic reserves.


Message History

Casting: Frozen Ramparts (safe; 1% risk of failure)
Confirm with . or Enter, or press ? or * to list all spells.
You feel a surge of power! A film of ice covers your body! The ogre misses you.
Unknown command.
Casting: Ozocubu's Armour (safe; 1% risk of failure)
Confirm with . or Enter, or press ? or * to list all spells.
Casting: Frozen Ramparts (safe; 1% risk of failure)
Press: ? - help, Dir - look around, f - activate You feel a surge of power!
The walls around you are covered in ice.
You hit the ogre. You headbutt the ogre.
The ogre is lightly wounded.
The wall freezes the ogre.
The ogre hits you with a +0 giant spiked club!!
* * * LOW HITPOINT WARNING * * *
You hit the ogre. Lightning courses through the ogre!
The ogre is severely wounded.
The wall freezes the ogre.
The ogre hits you with a +0 giant spiked club!!
You die...

##.#..)...##...........##.#.....
#..........)...)...............
##.#.......#..##.#.......##..#.
##.............####..........##
#............######.......####
###........#..............#
##...##..#...>........###
#.####...##O##.......# ###
#.....@#......###
###.......##...#
##....#.....##..#
#.........#..#.##
#..............###
##.##.........<..##
##...............#
###..............#
#.......##....####


You could see an ogre.

Vanquished Creatures
  Sigmund (D:3)
  Menkaure (D:4)
  A necrophage (D:5)
  2 ogres (D:4)
  2 centaurs (D:5)
  4 crimson imps (D:3)
  An orc priest (D:3)
  2 hounds (D:4)
  Jessica (D:2)
  Ijyb (D:4)
  A worker ant (D:4)
  A hound skeleton (D:4)
  4 adders
  An ooze (D:3)
  5 worms
  A dart slug (D:3)
  5 leopard geckos
  18 orcs
  2 ball pythons
  7 giant cockroaches
  9 goblins
  9 hobgoblins
  2 jackals (D:2)
  5 quokkas
  9 bats
  6 frilled lizards
  8 kobolds
  5 rats
114 creatures vanquished.

Notes
Turn   | Place    | Note
-------+----------+-------------------------------------------
     0 | D:1      | night the Demonspawn Ice Elementalist began the quest for
                  | the Orb.
     0 | D:1      | Reached XP level 1. HP: 13/13 MP: 3/3
   339 | D:1      | Reached skill level 2 in Stealth
   381 | D:1      | Reached skill level 2 in Dodging
   381 | D:1      | Gained mutation: You have a pair of small horns on your
                  | head. [demonic ancestry]
   381 | D:1      | Reached XP level 2. HP: 19/19 MP: 5/5
  1402 | D:2      | Reached XP level 3. HP: 24/24 MP: 6/6
  1704 | D:2      | Reached skill level 4 in Ice Magic
  2138 | D:2      | Noticed Jessica
  2145 | D:2      | Reached XP level 4. HP: 30/30 MP: 7/7
  2147 | D:2      | Killed Jessica
  2423 | D:2      | Learned a level 3 spell: Frozen Ramparts
  2427 | D:2      | Learned a level 3 spell: Ozocubu's Armour
  2495 | D:3      | Reached XP level 5. HP: 29/35 MP: 4/9
  2773 | D:3      | Gained mutation: You have a pair of horns on your head.
                  | [demonic ancestry]
  2773 | D:3      | Reached XP level 6. HP: 28/41 MP: 9/11
  2883 | D:3      | Found an ornate altar of the Wu Jian Council.
  2947 | D:3      | Reached skill level 5 in Ice Magic
  3091 | D:3      | Noticed Sigmund
  3102 | D:3      | Killed Sigmund
  3403 | D:3      | Found a broken altar of Ashenzari.
  3537 | D:3      | Found a snail-covered altar of Cheibriados.
  3546 | D:3      | Found a shimmering altar of Xom.
  3736 | D:3      | Learned a level 4 spell: Summon Ice Beast
  3795 | D:4      | Noticed Ijyb
  3799 | D:4      | Gained mutation: When hurt, damage is shared between your
                  | health and your magic reserves. [demonic ancestry]
  3799 | D:4      | Reached XP level 7. HP: 46/46 MP: 9/14
  3809 | D:4      | Killed Ijyb
  3948 | D:4      | Reached skill level 5 in Spellcasting
  3948 | D:4      | Reached skill level 6 in Ice Magic
  4386 | D:4      | Noticed Menkaure
  4395 | D:4      | Killed Menkaure
  4550 | D:5      | Entered Level 5 of the Dungeon
  5018 | D:5      | Reached XP level 8. HP: 52/52 MP: 13/16
  5073 | D:5      | Reached skill level 7 in Ice Magic
  5082 | D:4      | Mangled by an ogre

Illustrated notes

Levels and vault maps discovered:
D:1:      heliophobic_arrival_ceremonial_halls, layout_basic, serial_rivers,
          chequers_serial_rivers_micro_d, chequers_serial_rivers_micro_e,
          chequers_serial_rivers_small_b, chequers_serial_rivers_micro_c,
          chequers_serial_rivers_micro_e, st_stairs_11
D:2:      layout_basic, kennysheep_jessica_study
D:3:      layout_basic, evilmike_ruin_ashenzari, lemuel_round_altar,
          lemuel_doored_altar, led_xom_imps, uniq_sigmund
D:4:      layout_cave_pools, uniq_ijyb, uniq_menkaure
D:5:      lemuel_insect_pit, layout_loops_ring, gammafunk_temple_overflow_arena,
          grunt_temple_overflow_cloverleaf, minmay_misc_feat_tiny

Skill      XL: |  1  2  3  4  5  6  7  8 |
---------------+-------------------------+-----
Stealth        | 2 |  2.7
Dodging        | 2 |  2.6
Ice Magic      | 4 5 6 7 |  7.0
Spellcasting   | 3 4 5 6 |  6.2

Action                   |  1- 3 |  4- 6 |  7- 9 || total
-------------------------+-------+-------+-------++-------
Melee: Whip              |    27 |       |       ||    27
       Unarmed           |     2 |       |       ||     2
       Headbutt          |     8 |    12 |     7 ||    27
       Dagger            |    17 |    81 |    36 ||   134
 Cast: Freeze            |    41 |     7 |    12 ||    60
       Frozen Ramparts   |       |    14 |     6 ||    20
       Ozocubu's Armour  |       |       |     5 ||     5
  Use: Scroll            |       |     2 |     1 ||     3
 Stab: Sleeping          |     3 |     5 |       ||     8
Armor: Robe              |    13 |     9 |     8 ||    30
       Leather armour    |       |     4 |       ||     4
Dodge: Dodged            |    44 |    54 |    39 ||   137

Table legend: (Time is in decaauts)
 A = Elapsed time spent in this place.
 B = Non-inter-level travel time spent in this place.
 C = Inter-level travel time spent in this place.
 D = Time resting spent in this place.
 E = Time spent auto-exploring this place.
 F = Levels seen in this place.
 G = Mean time per level.
                   A        B        C        D        E       F      G
               +--------+--------+--------+--------+--------+-----+--------+
         Total |   5091 |   4879 |    212 |   1042 |   3038 |   5 | 1018.2 |
       Dungeon |   5091 |   4879 |    212 |   1042 |   3038 |   5 | 1018.2 |
               +--------+--------+--------+--------+--------+-----+--------+

Top non-repeatable levels by time:
     D:2: 1382 daAuts
     D:1: 1302 daAuts
     D:4: 1203 daAuts
     D:3: 1108 daAuts
     D:5: 93 daAuts
